 Dungeon Crawl Stone Soup version 0.31.0-32-g396128a36d (webtiles) character file.

Game seed: 10411203568955821433

4027 IndexSix the Mimic (level 10, -3/73 HPs)
             Began as an Octopode Shapeshifter on Mar 17, 2024.
             Was an Initiate of Gozag.
             Slain by a killer bee (10 damage)
             ... on level 9 of the Dungeon.
             The game lasted 00:10:10 (7836 turns).

IndexSix the Mimic (Octopode Shapeshifter)          Turns: 7836, Time: 00:10:11

Health: -3/73      AC:  1    Str: 13    XL:     10   Next: 24%
Magic:  10/10      EV: 14    Int: 16    God:    Gozag
Gold:   904        SH:  0    Dex: 13    Spells: 9/9 levels left

rFire   . . .        p - +5 woodcutter's axe
rCold   + . .        (shield currently unavailable)
rNeg    . . .        (helmet currently unavailable)
rPois   .            i - amulet of the acrobat
rElec   .            C - ring of protection from cold
rCorr   .            (no ring)
SInv    .            (no ring)
Will    .....        (no ring)
Stlth   ++           (no ring)
HPRegen 0.32/turn    (no ring)
MPRegen 0.12/turn    (no ring)
                     (no ring)

%: acrobat
@: lethally poisoned (-3 -> -7), beast-form
A: beast (slay +4), almost no armour, amphibious, 8 rings, camouflage 1,
gelatinous body 1, (nimble swimmer 1), tentacles
a: Begin Untransformation, Renounce Religion, Potion Petition, Call Merchant,
Bribe Branch


You were on level 9 of the Dungeon.
You worshipped Gozag.
Gozag was pleased with you.
You were a hulking beast.
You visited 2 branches of the dungeon, and saw 10 of its levels.

You collected 1056 gold pieces.
You spent 96 gold pieces at shops.
You paid 56 gold pieces to Gozag.


Innate Abilities, Weirdness & Mutations

You are a hulking beast.
Your limbs bulge with bestial killing power. (Slay +4)
You cannot wear most types of armour.
You are amphibious.
You can wear up to eight rings at the same time.
Your skin changes colour to match your surroundings (Stealth+).
Your rubbery body absorbs attacks. (AC +1, EV +1)
((You are camouflaged when in or above water. (Stealth+)))
You have tentacles for arms and can constrict up to eight enemies at once.


   Skills:
 + Level 8.6 Fighting
 - Level 5.0 Dodging
 + Level 5.7 Unarmed Combat
 - Level 3.0 Evocations
 - Level 9.0 Shapeshifting


You had 9 spell levels left.
You didn't know any spells.
Your spell library contained the following spells:

 Spells                   Type           Power      Damage    Failure   Level
 Magic Dart               Conj           0%         1d3       26%         1
 Searing Ray              Conj           0%         2d4       36%         2
 Frozen Ramparts          Ice            0%         1d1       58%         3
 Fulminant Prism          Conj/Alch      0%         3d5       94%         4
 Leda's Liquefaction      Alch/Erth      0%         N/A       94%         4
 Petrify                  Alch/Erth      0%         N/A       94%         4
 Summon Blazeheart Golem  Fire/Summ      0%         N/A       94%         4
 Metabolic Englaciation   Hex/Ice        0%         N/A       100%        5
 Orb of Destruction       Conj           0%         9d5       100%        7
 Spellforged Servitor     Conj/Summ      0%         N/A       100%        7

Inventory:

Hand Weapons
 n - a +4 dagger
 p - the +5 woodcutter's axe (weapon)
   (You found it on level 2 of the Dungeon)
Magical Staves
 F - a staff of cold {!a}
Jewellery
 i - an amulet of the acrobat (around mantle)
 C - a ring of protection from cold (left tentacle)
Talismans
 b - a beast talisman
 c - a flux talisman
Wands
 m - a wand of iceblast (10)
 o - a wand of polymorph (5)
 u - a wand of light (10)
 w - a wand of mindburst (6)
 y - a wand of charming (4)
 H - a wand of flame (7)
Scrolls
 d - a scroll of revelation
 e - a scroll of enchant weapon
 h - a scroll of fear
 j - a scroll of fog
 l - 3 scrolls of teleportation {@r2}
 q - a scroll of amnesia
 v - a scroll of enchant armour
 x - a scroll of poison
 z - a scroll of brand weapon
 A - a scroll of blinking {unknown}
 D - a scroll of vulnerability {unknown}
Potions
 a - 4 potions of lignification
 f - a potion of resistance
 g - 3 potions of ambrosia
 k - 2 potions of cancellation
 r - 2 potions of attraction
 s - a potion of curing {@q1}
 t - a potion of might
 B - 2 potions of heal wounds {@q2}
 E - 2 potions of berserk rage {!q}
 G - 3 potions of mutation

Dungeon Overview and Level Annotations

Branches:
Dungeon (9/15)             Temple (1/1) D:4
   Lair: D:8-11         Orc: D:9-12

Altars:
Ashenzari
Cheibriados
Dithmenos
Elyvilon
Fedhas
Gozag
Hepliaklqana
Makhleb
Nemelex Xobeh
Okawaru
Qazlal
Ru
Sif Muna
Uskayaw
Vehumet
Wu Jian
Xom
Yredelemnul
Zin
The Shining One

Shops:
D:7

* .. ..
#####.
....y ##...
.y. #y# #y#
#h# #.#
#######.#
#.......#
#.#######
##### #.#
...(# #.#
###.# #.#
#.######.#▓


You could see 3 killer bees.


Message History

Unknown command.
You are too injured to fight recklessly!
Unknown command.
Aiming: Bolt of Light
Press: ? - help, Shift-Dir - straight line, f - killer bee
Aim: a killer bee (moderately wounded, 48% to hit)
The bolt of light misses the killer bee. x3
You feel sick.
You are no longer poisoned.
You hear a bellow!
The killer bee is no longer distracted by gold.
The killer bee is distracted by your dazzling golden aura.
The killer bee stings you!
* * * LOW HITPOINT WARNING * * *
You are poisoned.
The killer bee poisons you! The killer bee stings you!
* * * LOW HITPOINT WARNING * * *
You hear a bellow!
You hear a shout!
You hear a bellow!
The killer bee buzzes angrily.
You slash the killer bee! Your grab misses the killer bee.
Your squeeze misses the killer bee.
The killer bee is severely wounded.
You feel sick. The killer bee barely misses you. x2
You miss the killer bee. You grab the killer bee.
You squeeze the killer bee, but do no damage.
The killer bee is severely wounded.
You constrict the killer bee.
You feel sick. The killer bee closely misses you. The killer bee stings you!
You die...
Your body crumbles into a pile of gold.

Skill      XL: |  1  2  3  4  5  6  7  8  9 10 |
---------------+-------------------------------+-----
Fighting       | 2 3 5 6 8 |  8.6
Shapeshifting  | 5 6 7 8 9 |  9.0
Evocations     | 3 |  3.0
Dodging        | 3 5 |  5.0
Unarmed Combat | 4 5 |  5.7

Action                     |  1- 3 |  4- 6 |  7- 9 | 10-12 || total
---------------------------+-------+-------+-------+-------++-------
  Melee: Unarmed           |    71 |    55 |       |       ||   126
         Tentacles         |    11 |    17 |    31 |     8 ||    67
         Constrict         |    16 |    21 |    41 |    12 ||    90
         Punch             |     1 |     3 |     9 |     2 ||    15
         Dagger            |       |    19 |       |       ||    19
         Battleaxe         |       |     9 |   170 |    49 ||   228
  Evoke: Wand              |       |       |     2 |     1 ||     3
    Use: Scroll            |       |     4 |    13 |       ||    17
   Stab: Sleeping          |     6 |     3 |     6 |     1 ||    16
 Armour: Skin              |    15 |    32 |    71 |    28 ||   146
  Dodge: Dodged            |    38 |    41 |   106 |    50 ||   235

Levels and vault maps discovered:
D:1:      hellmonk_arrival_library, layout_basic
D:2:      layout_basic, uniq_sigmund
D:3:      layout_basic, uniq_robin
D:4:      layout_basic, temple_green
D:5:      minmay_recursive_quarters, layout_basic, mainiacjoe_overflow_alcove_1,
          slow_altar_2, reono_crystal_passage, grunt_ministairs_11
D:6:      layout_basic, kennysheep_generic_room_14, uniq_menkaure, uniq_pikel
D:7:      layout_gridville, nicolae_sif_muna_little_library,
          hangedman_decor_riveting, nicolae_shop_clearance
D:8:      layout_rooms
D:9:      layout_loops_ring, david_orc_5
Temple:   minmay_crystal_spiral_temple

Notes
Turn   | Place    | Note
-------+----------+-------------------------------------------
     0 | D:1      | IndexSix the Octopode Shapeshifter began the quest for the
                  | Orb.
     0 | D:1      | Reached XP level 1. HP: 13/13 MP: 1/1
    92 | D:1      | Reached skill level 2 in Fighting
    92 | D:1      | Reached XP level 2. HP: 17/19 MP: 2/2
   646 | D:1      | Reached XP level 3. HP: 25/25 MP: 3/3
   805 | D:2      | Noticed Sigmund
   878 | D:2      | Reached skill level 3 in Fighting
  1165 | D:2      | Found the +5 woodcutter's axe
  1442 | D:2      | Killed Sigmund
  1443 | D:2      | Reached skill level 4 in Shapeshifting
  1443 | D:2      | Reached skill level 5 in Shapeshifting
  1443 | D:2      | Reached XP level 4. HP: 16/31 MP: 4/4
  1443 | D:2      | Reached XP level 5. HP: 19/36 MP: 5/5
  1868 | D:2      | Identified a potion of resistance
  1901 | D:3      | Reached XP level 6. HP: 37/42 MP: 6/6
  1993 | D:3      | Noticed Robin
  2290 | D:3      | Killed Robin
  2291 | D:3      | Reached skill level 6 in Shapeshifting
  2608 | D:4      | Reached XP level 7. HP: 28/46 MP: 7/7
  3019 | D:4      | Found a staircase to the Ecumenical Temple.
  3028 | D:4      | Reached skill level 7 in Shapeshifting
  3034 | Temple   | Entered the Ecumenical Temple
  3110 | Temple   | Became a worshipper of Gozag Ym Sagoz the Greedy
  3648 | D:5      | Entered Level 5 of the Dungeon
  3662 | D:5      | Reached skill level 4 in Fighting
  3744 | D:5      | Found a hazy altar of Hepliaklqana.
  3807 | D:5      | Reached skill level 5 in Fighting
  3815 | D:5      | Reached XP level 8. HP: 40/55 MP: 8/8
  4031 | D:5      | Reached skill level 8 in Shapeshifting
  4115 | D:5      | Reached skill level 1 in Evocations
  4160 | D:5      | Reached skill level 2 in Evocations
  4418 | D:5      | Found a snail-covered altar of Cheibriados.
  4579 | D:5      | Reached skill level 3 in Dodging
  4579 | D:5      | Reached skill level 3 in Evocations
  4740 | D:6      | Reached skill level 6 in Fighting
  4854 | D:6      | Reached XP level 9. HP: 62/62 MP: 9/9
  4897 | D:6      | Reached skill level 4 in Dodging
  4921 | D:6      | Noticed Pikel
  4929 | D:6      | Killed Pikel
  4930 | D:6      | Reached skill level 7 in Fighting
  4930 | D:6      | Reached skill level 5 in Dodging
  4941 | D:6      | Noticed Menkaure
  4953 | D:6      | Killed Menkaure
  5720 | D:7      | Reached skill level 4 in Unarmed Combat
  6291 | D:7      | Found Icle's CLEARANCE SALE!.
  6298 | D:7      | Bought 3 scrolls of identify for 24 gold pieces
  6298 | D:7      | Bought a scroll of identify for 8 gold pieces
  6298 | D:7      | Bought 2 potions of mutation for 64 gold pieces
  6348 | D:7      | Reached skill level 8 in Fighting
  6423 | D:7      | Found a shimmering blue altar of Sif Muna.
  6811 | D:8      | Reached XP level 10. HP: 60/72 MP: 10/10
  6840 | D:8      | Reached skill level 5 in Unarmed Combat
  6931 | D:8      | Reached skill level 9 in Shapeshifting
  6936 | D:8      | HP: 2/72 [gnoll/+0 spear[a gnoll sergeant] (8)]
  7836 | D:9      | HP: 7/73 [poisoned by a killer bee]
  7836 | D:9      | Slain by a killer bee

Vanquished Creatures
  Pikel (D:6)
  Sigmund (D:2)
  A wyvern (D:8)
  Menkaure (D:6)
  2 water moccasins
  An orc warrior (D:7)
  2 ice beasts
  A sky beast (D:6)
  4 black bears
  2 centaurs (D:7)
  2 ogres (D:5)
  A lemure (D:6)
  2 phantoms
  A kobold brigand (D:8)
  2 gnoll sergeants (D:8)
  3 bullfrogs
  2 scorpions
  6 killer bees
  4 howler monkeys
  2 bombardier beetles (D:5)
  A jelly (D:5)
  3 hounds (D:4)
  A gnoll bouda (D:7)
  5 orc priests
  2 sleepcaps
  2 orc wizards (D:5)
  2 iguanas
  Robin (D:3)
  14 gnolls
  6 adders
  2 shadow imps
  A white imp (D:4)
  5 dart slugs
  2 ribbon worms
  14 orcs
  4 ball pythons
  3 bats
  7 endoplasms
  A giant cockroach (D:4)
  15 goblins
  10 hobgoblins
  7 jackals (D:4)
  8 quokkas
  3 frilled lizards
  9 kobolds
  5 rats
174 creatures vanquished.

Table legend: (Time is in decaauts)
 A = Elapsed time spent in this place.
 B = Non-inter-level travel time spent in this place.
 C = Inter-level travel time spent in this place.
 D = Time resting spent in this place.
 E = Time spent auto-exploring this place.
 F = Levels seen in this place.
 G = Mean time per level.
                   A        B        C        D        E       F      G
               +--------+--------+--------+--------+--------+-----+--------+
         Total |   7830 |   7199 |    631 |   1362 |   4671 |  10 |  783.0 |
       Dungeon |   7677 |   7198 |    479 |   1362 |   4671 |   9 |  853.0 |
        Temple |    152 |      1 |    151 |      0 |      0 |   1 |  152.0 |
               +--------+--------+--------+--------+--------+-----+--------+

Top non-repeatable levels by time:
     D:6: 1261 daAuts
     D:7: 1135 daAuts
     D:2: 1056 daAuts
     D:5: 1054 daAuts
     D:1: 1001 daAuts
     D:4: 905 daAuts
     D:8: 649 daAuts
     D:3: 522 daAuts
  Temple: 152 daAuts
     D:9: 90 daAuts

Table legend:
 A = Non-vault XP
 B = Vault XP
 C = Vault XP percentage of total XP
 D = Non-vault monster count
 E = Vault monster count
 F = Vault count percentage of total count
                 A         B        C        D         E       F
            +---------+---------+-------+---------+---------+-------
      Total |    4092 |    1661 |  28.9 |     146 |      27 |  15.6
            +---------+---------+-------+---------+---------+-------
        D:1 |      34 |       0 |   0.0 |      19 |       0 |   0.0
        D:2 |      63 |     214 |  77.3 |      18 |       1 |   5.3
        D:3 |     122 |      37 |  23.3 |      17 |      12 |  41.4
        D:4 |     428 |       0 |   0.0 |      27 |       0 |   0.0
        D:5 |     627 |     620 |  49.7 |      10 |      12 |  54.5
        D:6 |     692 |     790 |  53.3 |       8 |       2 |  20.0
        D:7 |     996 |       0 |   0.0 |      20 |       0 |   0.0
        D:8 |     945 |       0 |   0.0 |      24 |       0 |   0.0
        D:9 |     185 |       0 |   0.0 |       3 |       0 |   0.0
            +---------+---------+-------+---------+---------+-------
